 Dungeon Crawl Stone Soup version 0.28.0-53-g5a82cb258f (webtiles) character file.

Game seed: 14760684865603313893

45 MiltankisOP the Chiller (level 3, 0/31 HPs)
             Began as an Ogre Ice Elementalist on June 17, 2022.
             Slain by an orc wizard
             ... wielding a +0 dagger of protection
              (1 damage)
             ... on level 2 of the Dungeon.
             The game lasted 00:03:18 (2113 turns).

MiltankisOP the Chiller (Ogre Ice Elementalist)     Turns: 2113, Time: 00:03:19

Health: 0/31       AC:  3    Str: 12    XL:     3   Next: 64%
Magic:  6/7        EV:  9    Int: 18    God:
Gold:   23         SH:  0    Dex:  9    Spells: 7/8 levels left

rFire   . . .      SeeInvis .   (no weapon)
rCold   . . .      Faith    .   (no shield)
rNeg    . . .      Spirit   .   a - +0 robe
rPois   .          Reflect  .   (helmet restricted)
rElec   .          Harm     .   (no cloak)
rCorr   .          Rampage  .   (gloves unavailable)
Will    .....                   (boots unavailable)
Stlth   +.........              (no amulet)
HPRegen 0.10/turn               (no ring)
MPRegen 0.10/turn               (no ring)

@: no status effects
A: large, unfitting armour, tough skin 1
a: no special abilities


You were on level 2 of the Dungeon.
You visited 1 branch of the dungeon, and saw 3 of its levels.

You collected 23 gold pieces.

Inventory:

Armour
 a - a +0 robe (worn)
Scrolls
 d - a scroll of fear {unknown}
 f - 2 scrolls of identify {unknown}
 g - a scroll of teleportation {unknown}
Potions
 b - a potion of heal wounds {unknown}
 c - a potion of curing {unknown}
 e - a potion of resistance {unknown}
 h - a potion of attraction {unknown}
 i - 2 potions of cancellation {unknown}
 j - a potion of brilliance {unknown}


   Skills:
 - Level 1.7 Dodging
 - Level 1.4 Stealth
 + Level 3.2 Spellcasting
 * Level 4.4 Ice Magic


You had 7 spell levels left.
You knew the following spells:

 Your Spells              Type           Power      Damage    Failure   Level
a - Freeze                Ice            72%        1d9       2%          1

Your spell library contained the following spells:

 Spells                   Type           Power      Damage    Failure   Level
 Frozen Ramparts          Ice            36%        1d5       8%          3
 Ozocubu's Armour         Ice            18%        N/A       8%          3
 Hailstorm                Conj/Ice       10%        3d5       54%         4


Dungeon Overview and Level Annotations

Branches:
Dungeon (3/15)

Altars:


Innate Abilities, Weirdness & Mutations

You are too large for most types of armour.
You have tough skin. (AC +1)


Message History

You miss something. The hobgoblin misses you. Something hits you.
You bump into the rock wall.
The hobgoblin hits you. Something hits you but does no damage.
The hobgoblin closely misses you. Something hits you.
You bump into the rock wall.
The hobgoblin closely misses you.
You hear some strange, mumbled words.
A magic dart appears from out of thin air!
The magic dart hits you!
You bump into the rock wall.
The hobgoblin barely misses you.
You hear some strange, mumbled words.
A magic dart appears from out of thin air!
The magic dart hits you! Something hits you.
* * * LOW HITPOINT WARNING * * *
You bump into the rock wall.
You feel less confused. The hobgoblin hits you.
* * * LOW HITPOINT WARNING * * *
Something hits you.
* * * LOW HITPOINT WARNING * * *
There is a stone staircase leading up here.
The hobgoblin hits you.
* * * LOW HITPOINT WARNING * * *
Something hits you.
* * * LOW HITPOINT WARNING * * *
You climb upwards.
Reactivating autopickup.
There is a stone staircase leading down here.
Something hits you.
* * * LOW HITPOINT WARNING * * *
Deactivating autopickup; reactivate with Ctrl-A.
Casting: Freeze (safe; 2% risk of failure)
Confirm with . or Enter, or press ? or * to list all spells.
Aiming: Freeze (safe; 2% risk of failure)
Press: ? - help, Shift-Dir - straight line, f - hobgoblin
Aim: a hobgoblin You freeze the hobgoblin!
You kill the hobgoblin!
Something hits you.
You die...

###.#####..#.##.#######....[.#.
#.[............................
#.#.####.........######.###....
#.#.# #..#......# #.# ###..
#.#.# #.........######.#####..
#.#.# #.###...................
#.#.# #.# #....[#############.
#.#.# #.# ###{>## #. #.#.# #.#
#@.# #8 #.#.####.#####..# ##
#.#.............#
#.######.......##
#.###.....###### #.........#
#####.##..# #.##..# #.##..#


There were no monsters in sight!

Vanquished Creatures
  An adder (D:2)
  A dart slug (D:1)
  3 orcs
  2 ball pythons
  5 endoplasms
  2 giant cockroaches
  6 hobgoblins
  2 quokkas (D:1)
  A bat (D:3)
  A kobold (D:2)
  5 rats
29 creatures vanquished.

Vanquished Creatures (others)
  6 plants (D:3)
6 creatures vanquished.

Grand Total: 35 creatures vanquished

Notes
Turn   | Place    | Note
-------+----------+-------------------------------------------
     0 | D:1      | MiltankisOP the Ogre Ice Elementalist began the quest for
                  | the Orb.
     0 | D:1      | Reached XP level 1. HP: 16/16 MP: 3/3
    59 | D:1      | You fall into a shaft and drop 1 floor!
   484 | D:1      | Reached XP level 2. HP: 24/24 MP: 3/5
   590 | D:1      | Reached skill level 4 in Ice Magic
  1370 | D:2      | Found a faded altar of an unknown god.
  1620 | D:2      | Reached XP level 3. HP: 28/31 MP: 2/7
  2110 | D:3      | HP: 1/31 [something (3)]
  2113 | D:2      | Slain by an orc wizard

Illustrated notes

Levels and vault maps discovered:
D:1:      roderic_crossed_star, layout_loops_corners, roderic_three_in_a_row,
          minmay_misc_feat_x, supply_closet_lemuel
D:2:      layout_loops_ring, shapermc_ecumenical_altar_mp_highgroup
D:3:      layout_basic, old_standard_altar, nemelex_xobeh_ov_fountains_minmay,
          serial_bayou, serial_bayou_pond_d, serial_bayou_lagoon_a,
          serial_bayou_pond_c, serial_bayou_lagoon_b

Skill      XL: |  1  2 |
---------------+-------+-----
Ice Magic      | 4 |  4.4
Spellcasting   | 3 |  3.2
Dodging        | |  1.7
Stealth        | |  1.4

Action                   || total
-------------------------++-------
Melee: Unarmed           ||     7
 Cast: Freeze            ||    46
Armor: Robe              ||    18
Dodge: Dodged            ||    25
